 Dungeon Crawl Stone Soup version 0.24.1-14-gf8d2b509d9 (console) character file.

Game seed: 2266025178582382079, levelgen mode: deterministic

24 Kagalorn the Ruffian (level 3, 0/29 HPs)
             Began as a Barachi Warper on Aug 12, 2020.
             Succumbed to an orc wizard's poison
             ... on level 5 of the Dungeon.
             The game lasted 00:04:55 (738 turns).

Kagalorn the Ruffian (Barachi Warper)                Turns: 738, Time: 00:04:55

Health: 0/29       AC: 11    Str: 13    XL:     3   Next: 2%
Magic:  6/6        EV:  8    Int: 13    God:
Gold:   14         SH:  7    Dex: 16    Spells: 6/6 levels left

rFire    + . .     SeeInvis .     - Unarmed
rCold    + . .     Gourm    .   a - +0 shield
rNeg     . . .     Faith    .   b - +0 chain mail
rPois    +         Spirit   .   (no helmet)
rElec    +         Reflect  .   (no cloak)
rCorr    +         Harm     .   (no gloves)
MR       .....                  m - +2 pair of boots
Stlth    ..........             (no amulet)
HPRegen  0.09/turn              (no ring)
MPRegen  0.10/turn              (no ring)

@: agile, lethally poisoned (0 -> -12), resistant, hasted and slowed, slow
A: +LOS, swims, slowness 1, strong legs 1
a: Hop


You were on level 5 of the Dungeon.
You were not hungry.

You visited 1 branch of the dungeon, and saw 5 of its levels.

You collected 14 gold pieces.

Inventory:

Missiles
 d - 5 boomerangs of dispersal (quivered)
 e - 18 poisoned darts
Armour
 a - a +0 shield (worn)
 b - a +0 chain mail (worn)
 m - a +2 pair of boots (worn)
Scrolls
 c - 2 scrolls of blinking
 i - a scroll of enchant armour
Potions
 k - a potion of haste
Comestibles
 f - 4 rations


   Skills:
 + Level 3.1 Fighting
 - Level 1.0 Throwing
 - Level 1.2 Armour
 - Level 2.1 Dodging
 * Level 3.3 Unarmed Combat
 - Level 2.1 Spellcasting
   Level 3.2 Translocations


You had 6 spell levels left.
You didn't know any spells.
Your spell library contained the following spells:

 Spells                   Type           Power        Failure   Level  Hunger
 Blink                    Tloc           N/A          100%        2    ###....
 Shroud of Golubria       Chrm/Tloc      #.....       100%        2    ###....
 Gell's Gravitas          Tloc           #.........   100%        3    ####...
 Lesser Beckoning         Tloc           #.........   100%        3    ####...
 Teleport Other           Tloc           #.......     100%        3    ####...
 Passage of Golubria      Tloc           N/A          100%        4    #####..


Dungeon Overview and Level Annotations

Branches:
Dungeon (6/15)
 Temple: D:4-7

Altars:


Innate Abilities, Weirdness & Mutations

Shadows flee at your approach. (+LOS)
You can swim through water.
You cover ground slowly.
You can hop short distances.


Message History

You feel sick.
The orc wizard mumbles some strange words.
The orc wizard blinks!
* * * LOW HITPOINT WARNING * * *
You feel sick.
The orc wizard hits you but does no damage.
It was a potion of resistance.
You feel protected. The orc wizard casts a spell at you.
You feel as though you will be slow longer.
It was a potion of agility.
You feel agile all of a sudden.
The orc wizard hits you but does no damage.
You are more poisoned.
Your shield and chain mail prevent you from hitting the orc wizard.
* * * LOW HITPOINT WARNING * * *
You feel sick.
The orc wizard hits you but does no damage.
Your shield and chain mail prevent you from hitting the orc wizard.
You die...

###.#####o# #.# #.# ....
#.# ##.## #.#
.....####o###...####.#
...........##........#
................######
.##..#.##.####..##########
. #.......o....o#.........
. #..####.#####o#.#######
.?.. ........o@o.....>#
... .....#############.#
.....##### .... ##. ##.###
# #.# #.# #.# ..# ###


You could see an orc wizard and 3 orcs.

Vanquished Creatures
  A dart slug (D:1)
  A leopard gecko (D:1)
  2 orcs (D:2)
  2 bats (D:1)
  A giant cockroach (D:1)
  A goblin (D:1)
  2 hobgoblins (D:1)
  3 kobolds
  4 rats (D:1)
17 creatures vanquished.

Notes
Turn   | Place    | Note
-------+----------+-------------------------------------------
     0 | D:1      | Kagalorn the Barachi Warper began the quest for the Orb.
     0 | D:1      | Reached XP level 1. HP: 17/17 MP: 3/3
   143 | D:1      | Reached XP level 2. HP: 12/23 MP: 5/5
   568 | D:3      | Reached XP level 3. HP: 29/29 MP: 6/6
   624 | D:3      | You fall into a shaft and drop 3 floors!
   637 | D:5      | Entered Level 5 of the Dungeon
   738 | D:5      | Succumbed to an orc wizard's poison

Levels and vault maps discovered:
D:1:      matt_arrival_los_fun, layout_basic
D:2:      layout_basic, nicolae_ru_the_path_less_chosen, first_ration,
          fedhas_altar_3, uniq_jessica, uniq_natasha, uniq_terence
D:3:      layout_basic
D:5:      layout_basic, minivault_1, kennysheep_flooded_box
D:6:      layout_loops_ring, kennysheep_mini, serial_shops, shop, uniq_duvessa

Skill      XL: |  1  2 |
---------------+-------+-----
Unarmed Combat | 3 |  3.3
Fighting       | 3 |  3.1
Throwing       | |  1.0
Armour         | |  1.2
Dodging        | |  2.1
Spellcasting   | |  2.1
Translocations | |  3.2

Action                   || total
-------------------------++-------
Melee: Unarmed           ||   136
  Use: Scroll            ||     3
       Potion            ||     3
Armor: Chain mail        ||    76
       Leather armour    ||     1
Dodge: Dodged            ||    24
Block: Shield            ||    26
